 Dungeon Crawl Stone Soup version 0.31-a0-981-geadf994542 (webtiles) character file.

Game seed: 11833117077109650755

3 Frost42 the Slasher (level 1, 14/15 (17) HPs)
             Began as a Barachi Reaver on Oct 31, 2023.
             Quit the game on level 1 of the Dungeon.
             The game lasted 00:05:24 (154 turns).

Frost42 the Slasher (Barachi Reaver)                 Turns: 154, Time: 00:05:25

HP:   14/15 (17)    AC:  3    Str: 13    XL:     1   Next: 50%
MP:   2/3           EV: 11    Int: 13    God:
Gold: 0             SH:  0    Dex: 10    Spells: 3/4 levels left

rFire   . . .        a - +0 falchion
rCold   . . .        (no shield)
rNeg    . . .        b - +0 leather armour
rPois   .            (no helmet)
rElec   .            (no cloak)
rCorr   .            (no gloves)
SInv    .            (no boots)
Will    .....        (no amulet)
Stlth   +            (no ring)
HPRegen 0.22/turn    (no ring)
MPRegen 0.08/turn

%: no passive effects
@: heavily drained, slow
A: amphibious, slowness 1, strong legs 1, +LOS
a: Hop


You were on level 1 of the Dungeon.
You visited 1 branch of the dungeon, and saw 1 of its levels.

Inventory:

Hand Weapons
 a - a +0 falchion (weapon)
Armour
 b - a +0 leather armour (worn)
Scrolls
 c - a scroll of identify {unknown}


   Skills:
 * Level 2.5 Fighting
 + Level 3.6 Long Blades
 * Level 2.3 Dodging
 + Level 2.2 Spellcasting
 + Level 3.3 Conjurations


You had 3 spell levels left.
You knew the following spells:

 Your Spells              Type           Power      Damage    Failure   Level
a - Kiss of Death         Conj/Necr      20%        2d7       16%         1

Your spell library contained the following spells:

 Spells                   Type           Power      Damage    Failure   Level
 Momentum Strike          Conj/Tloc      10%        3d8       24%         2
 Hailstorm                Conj/Ice       5%         3d4       43%         3


Dungeon Overview and Level Annotations

Branches:
Dungeon (1/15)

Altars:


Innate Abilities, Weirdness & Mutations

You are amphibious.
You cover ground slowly.
You can hop short distances.
You have an extended range of vision and can be seen from far away.


Message History

The bat hits you. The bat hits you but does no damage.
You barely miss the bat. The bat hits you but does no damage.
You closely miss the bat. The bat barely misses you.
The bat hits you but does no damage. The bat barely misses you.
The bat hits you.
You see here a +0 dagger.
The bat hits you but does no damage.
You hit the bat.
You kill the bat!
You have nothing you can fire or use right now.
Okay, then.
Press: ? - help, v - describe, . - travel The floor.
The ball python barely misses you. The ball python grabs you.
The ball python constricts you.
You hit the ball python.
You kill the ball python!
You see here a ball python corpse.
You open the door.
Found a scroll labelled MUTISA CAUT.
There is an open door here.
c - a scroll labelled MUTISA CAUT A rat comes into view.
The rat moves out of view.
The rat twitches its whiskers.
Annotate which branch? (. - D:1, ? - help, ! - show branch list)
Okay, then.
Okay, then.
Casting: Kiss of Death (safe; 16% risk of failure)
Confirm with . or Enter, or press ? or * to list all spells.
Aiming: Kiss of Death (safe; 16% risk of failure)
Press: ? - help, Shift-Dir - straight line, f - rat
Aim: a rat (100% to hit)
The negative energy hits the rat!
The rat is drained!
You kill the rat!
You feel drained.
Welcome back, Frost42 the Barachi Reaver.
Press ? for a list of commands and other information.
Unknown command.
Are you sure you want to abandon this character and quit the game? (Confirm with "yes".)

....# ....# ....# ....###
#..... #...# ###...#
#..†..# #..@.#.......# #.#
#....#.......# #.#
#....#.......# #.#
#....#.......# #..
#....#.......# ###..
########....#.......# #....
............#.......###.#.#
..####.....#.......#...#.#
#.....#..............


There were no monsters in sight!

Vanquished Creatures
  A goblin (D:1)
  A ball python (D:1)
  A bat (D:1)
  A rat (D:1)
4 creatures vanquished.

Notes
Turn   | Place    | Note
-------+----------+-------------------------------------------
     0 | D:1      | Frost42 the Barachi Reaver began the quest for the Orb.
     0 | D:1      | Reached XP level 1. HP: 17/17 MP: 3/3
   154 | D:1      | Quit the game

Illustrated notes

Levels and vault maps discovered:
D:1:      lightli_arrival_windingriver, layout_basic, serial_shops,
          nicolae_shop_statue_plus

Action                     || total
---------------------------++-------
  Melee: Falchion          ||    20
   Cast: Kiss of Death     ||     1
Ability: Hop               ||     1
 Armour: Leather armour    ||    21
  Dodge: Dodged            ||    24

Table legend: (Time is in decaauts)
 A = Elapsed time spent in this place.
 B = Non-inter-level travel time spent in this place.
 C = Inter-level travel time spent in this place.
 D = Time resting spent in this place.
 E = Time spent auto-exploring this place.
 F = Levels seen in this place.
 G = Mean time per level.
                   A        B        C        D        E       F      G
               +--------+--------+--------+--------+--------+-----+--------+
         Total |    182 |    182 |      0 |      0 |      0 |   1 |  182.0 |
       Dungeon |    182 |    182 |      0 |      0 |      0 |   1 |  182.0 |
               +--------+--------+--------+--------+--------+-----+--------+

Top non-repeatable levels by time:
     D:1: 182 daAuts
